AoeStats
← tony le gros rou

Lombardia

509696060Analyzed
3v3 RM · 3d ago on Sep 27, 2026· 54m 14s· 6 players
Game mode
Random Map
Map size
Normal (6 player)
Population
200
Speed
Normal
Resources
Standard
Victory
Conquest
Starting age
Dark Age
Ending age
Imperial Age
RankedLock teamsTeams togetherTeam positionsShared explorationLock speedFull tech treeHidden civsTurbo modeCheats
Victory
Defeat
🇬🇧 Inca · United Kingdom
1582
+12
🇧🇷 Mongols · Brazil
1568
+12
🇨🇳 Persians · China
1501
+15
🇩🇪 Britons · Germany
1535
-15
🇫🇷 Saracens · France
1466
-12
🇫🇷 Magyars · France
1446
-12
Sace
6:21 Loom
8:34 Feudal Age
9:06 Double-Bit Axe
13:48 Horse Collar
16:40 Forging
16:45 Gold Mining
17:31 Scale Barding Armor
21:56 Castle Age
21:00 Bloodlines
23:45 Wheelbarrow
23:21 Bow Saw
23:50 Gold Shaft Mining
24:39 Caravan
26:05 Stone Mining
27:16 Hand Cart
30:44 Stone Shaft Mining
30:11 Heavy Plow
35:07 Imperial Age
32:31 Fletching
32:41 Padded Archer Armor
32:48 Town Watch
33:44 Bodkin Arrow
34:38 Leather Archer Armor
35:28 Ballistics
36:25 Iron Casting
35:53 Bracer
35:54 Husbandry
37:13 Chemistry
36:40 Thumb Ring
37:00 Parthian Tactics
36:29 Capped Ram
36:54 Elite Mangudai
37:10 Light Cavalry
38:26 Iron Casting
38:11 Chain Barding Armor
38:40 Hussar
40:22 Blast Furnace
39:44 Drill
39:23 Siege Ram
44:27 Conscription
Cicdolfin
9:02 Loom
11:11 Feudal Age
12:41 Double-Bit Axe
15:23 Castle Age
14:06 Horse Collar
16:24 Bow Saw
23:15 Stone Mining
24:12 Wheelbarrow
23:42 Town Watch
25:16 Gold Mining
25:27 Heavy Plow
25:33 Heavy Plow
25:53 Fletching
27:22 Scale Mail Armor
27:18 Bodkin Arrow
27:51 Caravan
28:50 Padded Archer Armor
29:23 Hand Cart
28:38 Crossbowman
30:24 Gold Shaft Mining
33:28 Imperial Age
32:01 Ballistics
32:21 Leather Archer Armor
32:29 Squires
33:16 Thumb Ring
34:11 Bracer
35:13 Chemistry
34:34 Ballistics
34:46 Ring Archer Armor
33:38 Arbalester
34:42 Conscription
36:05 Masonry
36:50 Town Patrol
37:47 Treadmill Crane
38:33 Guilds
38:08 Capped Ram
39:09 Andean Sling
39:13 Fabric Shields
39:53 Hoardings
40:15 Elite Skirmisher
40:38 Siege Ram
44:52 Murder Holes
45:50 Siege Engineers
46:48 Forging
46:53 Chain Mail Armor
48:10 Iron Casting
47:30 Elite Kamayuk
48:58 Plate Mail Armor
49:10 Arson
50:25 Crop Rotation
51:00 Blast Furnace
秦墨子
11:22 Feudal Age
12:36 Wheelbarrow
15:03 Castle Age
13:04 Double-Bit Axe
13:08 Horse Collar
20:37 Bow Saw
21:46 Heavy Plow
23:43 Gold Mining
25:31 Hand Cart
28:26 Imperial Age
26:15 Loom
26:16 Town Watch
26:24 Stone Mining
27:15 Caravan
27:34 Husbandry
27:44 Bloodlines
27:48 Forging
27:44 Scale Barding Armor
28:31 Stone Shaft Mining
28:34 Gold Shaft Mining
28:56 Town Patrol
28:18 Cavalier
29:52 Crop Rotation
30:36 Two-Man Saw
30:19 Savar
32:13 Iron Casting
31:58 Chain Barding Armor
31:18 Heavy Camel Rider
33:44 Conscription
33:24 Kamandaran
38:27 Blast Furnace
38:03 Plate Barding Armor
36:52 Capped Ram
39:57 Siege Ram
Tonymontana
8:44 Loom
11:29 Feudal Age
9:47 Loom
16:10 Castle Age
17:09 Double-Bit Axe
17:05 Horse Collar
25:14 Bow Saw
25:44 Heavy Plow
26:41 Wheelbarrow
27:21 Town Watch
28:28 Town Patrol
30:15 Gold Mining
30:15 Stone Mining
33:22 Imperial Age
30:55 Stone Mining
32:00 Corvinian Army
32:59 Scale Barding Armor
32:47 Fletching
33:41 Caravan
33:58 Bloodlines
33:48 Husbandry
33:27 Elite Magyar Huszar
34:41 Chain Barding Armor
35:05 Gold Shaft Mining
37:20 Two-Man Saw
36:53 Crop Rotation
35:50 Cavalier
37:01 Conscription
37:56 Hand Cart
37:47 Bodkin Arrow
38:54 Plate Barding Armor
40:03 Hoardings
39:38 Bracer
41:26 Light Cavalry
43:09 Hussar
44:44 Paladin
p0n0n0
7:12 Loom
10:50 Feudal Age
14:37 Wheelbarrow
14:23 Double-Bit Axe
18:03 Castle Age
16:36 Horse Collar
19:35 Bow Saw
25:30 Fletching
26:08 Bodkin Arrow
28:08 Padded Archer Armor
29:18 Hand Cart
28:50 Town Watch
32:31 Imperial Age
30:51 Ballistics
31:34 Heavy Plow
31:25 Gold Mining
31:26 Stone Mining
31:47 Stone Mining
32:42 Leather Archer Armor
33:02 Yeomen
33:08 Fortified Wall
33:08 Masonry
32:55 Murder Holes
33:43 Caravan
35:23 Conscription
34:30 Elite Longbowman
35:26 Bracer
36:43 Ring Archer Armor
37:16 Chemistry
36:22 Siege Engineers
36:48 Architecture
40:26 Hoardings
46:32 Crossbowman
47:35 Scale Mail Armor
47:45 Forging
47:22 Arbalester
48:18 Squires
48:17 Pikeman
50:33 Two-Man Saw
49:37 Halberdier
50:03 Arson
tony le gros rou
10:36 Feudal Age
16:51 Castle Age
22:20 Loom
26:35 Horse Collar
31:25 Forging
31:23 Scale Barding Armor
34:25 Imperial Age
34:28 Gold Mining
34:28 Stone Mining
35:16 Wheelbarrow
35:50 Conscription
36:31 Ballistics
37:11 Chemistry
35:53 Onager
36:49 Caravan
37:38 Chain Barding Armor
37:31 Bloodlines
37:21 Husbandry
38:51 Iron Casting
42:38 Siege Onager
49:37 Fletching
49:48 Padded Archer Armor
49:50 Elite Skirmisher
50:35 Thumb Ring
50:27 Bodkin Arrow
52:35 Bracer
52:51 Leather Archer Armor
Connection lost

Rejoining the realm…

Still unreachable

The connection could not be restored.

Session expired

The server has moved on; the page needs a fresh start.